cohdb
Replays
Latest Replays
All Replays
Popular Replays
Top Player Replays
Match Explorer
How It Works
Community
CoH3 Stats
Reddit
Sign in to upload your games and track your stats! →
Sign in with Steam
Match 41141257
Unlisted
Match 41141257
Overview
Messages
Build Orders
End
Vickers Machine Gun Team
Selects Canadian Shock Battlegroup
Vickers Machine Gun Team
Construct Section Command Post
Royal Engineer Section
Vickers Machine Gun Team
Construct Section Command Post
Selects Attacking Spirit
Selects Canadian Shock Section
Canadian Shock Section
Canadian Shock Section
Construct Platoon Command Post
Selects Incendiary Munitions
Construct Company Command Post
Selects Pyrotechnics
Unlock Bishop Self-propelled Artillery
6-pounder Anti-tank Gun Team
Bishop Self-propelled Artillery
Crusader II Medium Tank
Kamooos
한국사람
新年辞旧喜洋洋
Zannen
CommieKillerz
hooveric
JIANHU
TIAmoRoselia.
0
0
Comments
sign in to comment!
No comments posted yet!